 Dungeon Crawl Stone Soup version 0.27-a0-1196-g3e9cee4cb2 (webtiles) character file.

Game seed: 17167885496629488869

1568 Anon1729 the Magician (level 8, -1/55 (57) HPs)
             Began as a Purple Draconian Venom Mage on May 28, 2021.
             Was an Elder of Jiyva.
             Killed by divine providence
             ... invoked by an orc priest
              (11 damage)
             ... on level 7 of the Dungeon.
             The game lasted 00:12:45 (8636 turns).

Anon1729 the Magician (Purple Draconian Venom Mage) Turns: 8636, Time: 00:12:45

HP:   -1/55 (57)    AC: 12    Str:  9    XL:     8   Next: 59%
MP:   11/18         EV: 11    Int: 24    God:    Jiyva [****..]
Gold: 131           SH:  0    Dex:  7    Spells: 8/21 levels left

rFire    . . .     SeeInvis .   e - +0 long sword
rCold    . . .     Faith    .   (no shield)
rNeg     . . .     Spirit   .   (armour unavailable)
rPois    .         Reflect  .   (helmet restricted)
rElec    .         Harm     .   (no cloak)
rCorr    +         Rampage  .   (no gloves)
Will     +....                  n - +0 pair of boots
Stlth    ++........             (no amulet)
HPRegen  0.18/turn              l - +4 ring of protection
MPRegen  0.16/turn              a - ring of flight

@: unable to read, flying, lightly drained
A: breathe power, AC +6, unfitting armour, cold-blooded, shaggy fur 1, jelly
sensing items, inability to read while threatened
a: Breathe Dispelling Energy, Renounce Religion, Request Jelly, Slimify


You were on level 7 of the Dungeon.
You worshipped Jiyva.
Jiyva was greatly pleased with you.
You visited 2 branches of the dungeon, and saw 8 of its levels.

You collected 131 gold pieces.

Inventory:

Hand Weapons
 e - a +0 long sword (weapon)
 h - a +5 mace
Missiles
 b - 5 atropa-tipped darts
 g - 10 poisoned darts
 i - a throwing net
Armour
 n - a +0 pair of boots (worn)
 p - a scarf of invisibility
Jewellery
 a - a ring of flight (right hand)
 c - an amulet of faith
 l - a +4 ring of protection (left hand)
Wands
 j - a wand of acid (12)
Scrolls
 d - 2 scrolls of identify {unknown}
 f - 2 scrolls of enchant armour {unknown}
 k - 2 scrolls of torment {unknown}
Potions
 m - a potion of lignification {unknown}
 o - a potion of attraction {unknown}


   Skills:
 - Level 2.1 Dodging
 - Level 2.2 Stealth
 + Level 7.1 Spellcasting
 + Level 6.1 Transmutations
 + Level 6.8 Poison Magic


You had 8 spell levels left.
You knew the following spells:

 Your Spells              Type           Power      Damage    Failure   Level
a - Sting                 Tmut/Pois      100%       1d8       1%          1
b - Poisonous Vapours     Pois/Air       50%        N/A       2%          2
c - Ignite Poison         Fire/Tmut/Pois 29%        N/A       3%          3
d - Mephitic Cloud        Conj/Pois/Air  19%        N/A       9%          3
e - Olgreb's Toxic Radia  Pois           41%        N/A       4%          4

Your spell library contained the following spells:

 Spells                   Type           Power      Damage    Failure   Level


Dungeon Overview and Level Annotations

Branches:
Dungeon (7/15)             Temple (1/1) D:7

Altars:
Okawaru
Jiyva


Innate Abilities, Weirdness & Mutations

You can breathe bolts of dispelling energy.
Your rich purple scales are hard. (AC +6)
You cannot fit into any form of body armour.
You are cold-blooded and may be slowed by cold attacks.
You are covered in fur. (AC +1)
You have a small jelly attached to you that senses nearby items.
You sometimes lose the ability to read scrolls when taking damage.


Message History

The wight hits the bush with a +3 mace of freezing!
The wight freezes the bush.
The wight hits you but does no damage.
The howler monkey skeleton hits the plant.
You feel less confused.
The orc hits the plant with a +0 hand axe.
The wight hits the bush with a +3 mace of freezing.
The wight freezes the bush.
The howler monkey skeleton hits the plant.
You feel yourself speed up.
The howler monkey skeleton hits the plant.
The wight hits you but does no damage.
Casting: Mephitic Cloud (dangerous; 9% risk of failure)
Confirm with . or Enter, or press ? or * to list all spells.
Aiming: Mephitic Cloud (dangerous; 9% risk of failure)
Press: ? - help, Shift-Dir - straight line, p - wight The ball explodes into a vile cloud!
The stinking cloud engulfs the wight but does no damage.
The stinking cloud engulfs the plant but does no damage.
The plant is lightly damaged.
The stinking cloud engulfs the plant but does no damage.
The stinking cloud engulfs the wight but does no damage.
The wight is lightly damaged.
The stinking cloud engulfs the bush but does no damage.
You hear an angry hiss.
The wight hits you with a +3 falchion of freezing!
* * * LOW HITPOINT WARNING * * *
You feel yourself slow down. The wight freezes you.
* * * LOW HITPOINT WARNING * * *
Your magical contamination has completely faded away.
A nearby plant withers and dies.
The orc priest begins to cast a cantrip, but forgets the words!
The orc priest calls down the wrath of Beogh upon you.
Pain shoots through your body!
* * * LOW HITPOINT WARNING * * *
You feel yourself speed up.
A wyvern zombie comes into view.
The orc barely misses you.
The orc priest invokes the aid of Beogh against you.
Beogh smites you!
You die...

.....# #.....
......# #....
....... #....
........... #...
....> ..... #...
..... ... #..# #...
#. #..# #..# # #.@#
#))# # #..# #..# #
#.z# ##.# ## #o.#
#..# #. #.z# #..#
##. #.Z# #..# ##..
#..# #..# ##..#
#Zo#####.[#####..##
#...#.zP.(.##...##


You could see 2 wights, an orc priest, an orc, a wyvern zombie and a howler
monkey skeleton.

Vanquished Creatures
  Menkaure (D:5)
  Edmund (D:6)
  A water moccasin (D:7)
  A sky beast (D:6)
  An ice beast (D:4)
  A necrophage (D:5)
  2 ogres
  2 scorpions (D:5)
  A bullfrog (D:7)
  2 killer bees (D:5)
  5 wights
  A jelly (D:6)
  2 orc priests (D:7)
  A centaur skeleton (D:7)
  3 hounds
  An orc wizard (D:7)
  A killer bee zombie (D:6)
  A hound skeleton (D:4)
  A gnoll (D:3)
  6 adders
  A white imp (D:7)
  An adder skeleton (D:4)
  4 worms
  7 orcs
  11 ball pythons
  2 giant cockroaches
  13 goblins
  4 hobgoblins
  3 jackals
  2 quokkas
  4 bats
  5 frilled lizards
  6 kobolds
  A quokka skeleton (D:4)
  7 rats
106 creatures vanquished.

Vanquished Creatures (others)
  Grinder (D:6)
  4 kobold brigands (D:3)
  10 jellies
  A killer bee (D:6)
  2 wights
  2 hounds
  A bullfrog skeleton (D:6)
  A killer bee zombie (D:5)
  Robin (D:3)
  An adder (D:5)
  5 gnolls (D:3)
  A shadow imp (D:5)
  3 worms
  A dart slug (D:5)
  An endoplasm (D:3)
  An orc (D:3)
  A giant cockroach (D:1)
  6 goblins (D:3)
  6 hobgoblins (D:3)
  3 jackals (D:5)
  A ball python (D:4)
  A frilled lizard (D:2)
  40 kobolds
  4 rats
  21 demonic plants (D:1)
  A plant (D:7)
120 creatures vanquished.

Grand Total: 226 creatures vanquished

Notes
Turn   | Place    | Note
-------+----------+-------------------------------------------
     0 | D:1      | Anon1729 the Draconian Venom Mage began the quest for the
                  | Orb.
     0 | D:1      | Reached XP level 1. HP: 14/14 MP: 3/3
   177 | D:1      | Found a faded altar of an unknown god.
   280 | D:1      | Became a worshipper of Jiyva Jighonyb the Shapeless
   280 | D:1      | Reached * piety under Jiyva
   392 | D:1      | Reached XP level 2. HP: 20/20 MP: 1/5
   745 | D:1      | Reached ** piety under Jiyva
  1366 | D:2      | Reached XP level 3. HP: 21/26 MP: 0/6
  2796 | D:3      | Killed a kobold brigand
  2845 | D:3      | Killed a kobold brigand
  2853 | D:3      | Reached XP level 4. HP: 32/33 MP: 3/7
  2861 | D:3      | Killed a kobold brigand
  2896 | D:3      | Reached *** piety under Jiyva
  2939 | D:3      | Killed a kobold brigand
  2989 | D:3      | Gained mutation: You have a small jelly attached to you
                  | that senses nearby items. [Jiyva's grace]
  3022 | D:3      | Killed Robin
  3172 | D:3      | Found an iron altar of Okawaru.
  3897 | D:4      | Reached **** piety under Jiyva
  3930 | D:4      | Noticed an ice beast
  3938 | D:4      | Killed an ice beast
  3939 | D:4      | Reached skill level 3 in Spellcasting
  3942 | D:4      | Learned a level 2 spell: Poisonous Vapours
  3946 | D:4      | Learned a level 3 spell: Ignite Poison
  3950 | D:4      | Learned a level 3 spell: Mephitic Cloud
  4469 | D:4      | Reached XP level 5. HP: 26/38 MP: 2/9
  4781 | D:5      | Entered Level 5 of the Dungeon
  4919 | D:5      | Noticed an ogre
  4929 | D:5      | Reached XP level 6. HP: 41/45 MP: 5/11
  4949 | D:5      | Reached skill level 4 in Spellcasting
  5141 | D:4      | Gained mutation: You sometimes lose the ability to read
                  | scrolls when taking damage. [Jiyva's grace]
  5200 | D:5      | Reached skill level 5 in Poison Magic
  5547 | D:5      | Your scales start taking on a rich purple colour.
  5547 | D:5      | Reached skill level 5 in Spellcasting
  5547 | D:5      | Reached XP level 7. HP: 29/50 MP: 11/14
  6023 | D:6      | Noticed Edmund
  6039 | D:6      | Killed Edmund
  6041 | D:6      | Gained mutation: You are covered in fur. (AC +1) [Jiyva's
                  | grace]
  6136 | D:6      | Noticed Grinder
  6147 | D:6      | Paralysed by Grinder for 4 turns
  6158 | D:6      | Noticed a slime creature
  6158 | D:6      | an ice beast changed into a slime creature
  6166 | D:6      | Killed Grinder
  6454 | D:6      | Noticed Menkaure
  6763 | D:5      | Learned a level 4 spell: Olgreb's Toxic Radiance
  7116 | D:5      | Killed Menkaure
  7117 | D:5      | Reached skill level 6 in Spellcasting
  7117 | D:5      | Reached skill level 5 in Transmutations
  7668 | D:6      | Reached XP level 8. HP: 57/57 MP: 7/17
  8194 | D:7      | Found a staircase to the Ecumenical Temple.
  8248 | Temple   | Entered the Ecumenical Temple
  8457 | D:7      | Reached skill level 7 in Spellcasting
  8636 | D:7      | Killed from afar by an orc priest

Illustrated notes

Levels and vault maps discovered:
D:1:      dpeg_arrival_brainrot, layout_basic,
          shapermc_ecumenical_altar_flowoftime, minmay_misc_feat_nine_boxes,
          minmay_rat_gold_closets
D:2:      layout_basic
D:3:      minmay_goblin_kobold_castle, layout_rooms, okawaru_altar_gauntlet_db,
          uniq_robin
D:4:      layout_cave_pools, grunt_ministairs_6, minmay_joined_circles
D:5:      layout_basic, kennysheep_small_square
D:6:      layout_basic, kennysheep_pointless_box, uniq_menkaure, uniq_grinder,
          uniq_edmund
D:7:      layout_layer_cave, minmay_temple_entry_overgrown
Temple:   regret_index_temple_sphere_string

Skill      XL: |  1  2  3  4  5  6  7  8 |
---------------+-------------------------+-----
Stealth        | 2 |  2.2
Dodging        | 2 |  2.1
Transmutations | 2 3 4 5 6 |  6.1
Spellcasting   | 3 5 6 7 |  7.1
Poison Magic   | 4 5 6 |  6.8

Action                   |  1- 3 |  4- 6 |  7- 9 || total
-------------------------+-------+-------+-------++-------
Melee: Unarmed           |    19 |       |       ||    19
       Tailslap          |     3 |     9 |     8 ||    20
       Long sword        |     3 |    73 |    71 ||   147
 Cast: Sting             |    95 |    65 |    22 ||   182
       Mephitic Cloud    |       |       |    14 ||    14
       Ignite Poison     |       |       |     9 ||     9
       Poisonous Vapours |       |       |     3 ||     3
Invok: Slimify           |       |       |     1 ||     1
  Use: Potion            |       |     1 |     2 ||     3
 Stab: Sleeping          |       |     2 |       ||     2
Armor: Skin              |    10 |    43 |    85 ||   138
Dodge: Dodged            |    42 |   103 |    88 ||   233
       Rpst.: Long sword |     1 |    38 |    29 ||    68

Table legend: (Time is in decaauts)
 A = Elapsed time spent in this place.
 B = Non-inter-level travel time spent in this place.
 C = Inter-level travel time spent in this place.
 D = Time resting spent in this place.
 E = Time spent auto-exploring this place.
 F = Levels seen in this place.
 G = Mean time per level.
                   A        B        C        D        E       F      G
               +--------+--------+--------+--------+--------+-----+--------+
         Total |   8718 |   8489 |    229 |   2305 |   5031 |   8 | 1089.8 |
       Dungeon |   8381 |   8152 |    229 |   1975 |   5031 |   7 | 1197.3 |
        Temple |    336 |    336 |      0 |    330 |      0 |   1 |  336.0 |
               +--------+--------+--------+--------+--------+-----+--------+

Top non-repeatable levels by time:
     D:5: 2270 daAuts
     D:3: 1402 daAuts
     D:2: 1220 daAuts
     D:1: 1217 daAuts
     D:4: 1136 daAuts
     D:6: 819 daAuts
  Temple: 336 daAuts
     D:7: 315 daAuts
